 Dungeon Crawl Stone Soup version 0.21.1-1-g345015f (webtiles) character file.

87875 Kairos the Blocker (level 15, -2/180 HPs)
             Began as a Gnoll Fighter on Apr 24, 2018.
             Was an Initiate of Gozag.
             Slain by an ettin simulacrum (7 damage)
             ... in an ice cave.
             The game lasted 01:10:24 (26172 turns).

Kairos the Blocker (Gnoll Fighter)                 Turns: 26172, Time: 01:10:25

Health: -2/180     AC: 19    Str: 28    XL:     15   Next: 92%
Magic:  0/29       EV: 14    Int: 17    God:    Gozag
Gold:   3697       SH: 14    Dex: 15    Spells: 28/34 levels left

rFire    + + .     SeeInvis .   T - +12 rapier of Xudoad {vamp, -Tele +Rage rElec rPois Int+5}
rCold    + + .     Gourm    .   c - +0 shield
rNeg     . . .     Faith    .   A - +4 chain mail {rPois}
rPois    +         Spirit   +   k - +0 helmet
rElec    +         Reflect  .   P - scarf {rC+ rF+}
rCorr    .         Harm     .   (no gloves)
MR       +....     NoTele   +   Y - +0 pair of boots
Stlth    ..........             a - amulet of guardian spirit
HPRegen  0.40/turn              D - ring of protection from fire
MPRegen  0.21/turn              S - ring of protection from cold

@: berserking, gold aura, very quick
A: distributed training, fangs 1, strong nose
a: Potion Petition, Call Merchant, Bribe Branch, Renounce Religion, Evoke
Berserk Rage


You were in an ice cave.
You worshipped Gozag.
Gozag was most pleased with you.
You were not hungry.

You visited 4 branches of the dungeon, and saw 21 of its levels.
You also visited: Ice Cave.

You collected 6104 gold pieces.
You spent 1764 gold pieces at shops.
You paid 643 gold pieces to Gozag.

Inventory:

Hand Weapons
 b - a +1 trident of freezing
 Q - a +2 hand axe of flaming
 T - the +12 rapier of Xudoad (weapon) {vamp, -Tele +Rage rElec rPois Int+5}
   (You bought it in a shop on level 10 of the Dungeon)

   It inflicts no extra harm, but heals its wielder when it wounds a living foe.
   It affects your intelligence (+5).
   It insulates you from electricity.
   It protects you from poison.
   It lets you go berserk.
   It prevents most forms of teleportation.
Missiles
 n - a throwing net (quivered)
 B - 15 tomahawks
Armour
 c - a +0 shield (worn)
 k - a +0 helmet (worn)
 A - a +4 chain mail of poison resistance (worn)
 P - a scarf of resistance (worn)
 Y - a +0 pair of boots (worn)
Jewellery
 a - an amulet of guardian spirit (around neck)
 D - a ring of protection from fire (left hand)
 E - a +2 ring of intelligence
 R - an uncursed ring of stealth
 S - a ring of protection from cold (right hand)
Wands
 y - a wand of paralysis (43)
 G - a wand of flame (19)
 M - a wand of acid (29)
 U - a wand of digging (22)
 Z - a wand of iceblast (12)
Scrolls
 g - 3 scrolls of amnesia {unknown}
 o - 11 scrolls of remove curse
 r - a scroll of fog
 u - 9 scrolls of teleportation
 C - a scroll of immolation
 F - 3 scrolls of magic mapping {unknown}
 I - 9 scrolls of blinking
 K - a scroll of silence
 L - 2 scrolls of enchant armour
 O - 2 scrolls of fear
Potions
 d - 3 potions of might
 e - a potion of cancellation {unknown}
 h - 3 potions of mutation
 i - a potion of berserk rage
 l - 7 potions of agility
 m - 8 potions of curing
 p - 2 potions of haste
 q - 8 potions of flight
 s - a potion of resistance
 t - 4 potions of invisibility
 v - 4 potions of brilliance
 w - 5 potions of heal wounds
 x - 2 potions of lignification
 H - a potion of ambrosia
 J - 6 potions of magic
Books
 j - a book of Burglary

   Spells                             Type                      Level
   a - Swiftness                      Charms/Air                   2
   b - Passwall                       Transmutation/Earth          2
   c - Passage of Golubria            Translocation                4
   d - Lee's Rapid Deconstruction     Earth                        5
   e - Darkness                       Hexes                        6
   f - Invisibility                   Hexes                        6
Comestibles
 f - 21 rations


   Skills:
 + Level 11.9 Fighting
 + Level 10.2 Short Blades
 + Level 10.2 Long Blades
 + Level 11.1 Axes
 + Level 10.2 Maces & Flails
 + Level 10.2 Polearms
 + Level 10.2 Staves
 + Level 10.2 Slings
 + Level 10.2 Bows
 + Level 10.2 Crossbows
 + Level 10.2 Throwing
 + Level 11.9 Armour
 + Level 10.2 Dodging
 + Level 10.2 Stealth
 + Level 11.9 Shields
 + Level 10.2 Unarmed Combat
 + Level 10.2 Spellcasting
 + Level 8.6 Conjurations
 + Level 8.6 Hexes
 + Level 8.6 Charms
 + Level 8.6 Summonings
 + Level 8.6 Necromancy
 + Level 8.6 Translocations
 + Level 8.6 Transmutations
 + Level 8.6 Fire Magic
 + Level 8.6 Ice Magic
 + Level 8.6 Air Magic
 + Level 8.6 Earth Magic
 + Level 8.6 Poison Magic
 + Level 11.1 Invocations
 + Level 10.2 Evocations


You had 28 spell levels left.
You knew the following spells:

 Your Spells              Type           Power        Failure   Level  Hunger
a - Blink                 Tloc           N/A          1%          2    None
b - Summon Lightning Spi  Summ/Air       #####...     14%         4    ###....


Dungeon Overview and Level Annotations

Branches:
Dungeon (10/15)            Temple (1/1) D:6            Lair (6/6) D:10
  Swamp (0/4) Lair:4        Snake (4/4) Lair:4        Slime (0/5) Lair:5
    Orc: D:9-12

Altars:
Ashenzari
Cheibriados
Dithmenos
Fedhas
Gozag
Hepliaklqana
Makhleb
Nemelex Xobeh
Okawaru
Qazlal
Ru
Sif Muna
Trog
Uskayaw
Vehumet
Wu Jian
Xom
Yredelemnul
Zin
The Shining One
Jiyva

Shops:
D:10 (   Lair:4 [   Snake:1 *   Snake:2 %   Snake:3 *

Portals:
Trove: D:10 (give 4 potions of resistance)

Annotations:
D:6 Kairos's ghost, novice GnFi
D:8 Terandir's ghost, novice MiFi
D:10 Mirai's ghost, journeyman KoEn
Snake:2 exclusion: oklob plant
Snake:4 Verendum's ghost, adept MiGl IceCv exclusion: ice statue


Innate Abilities, Weirdness & Mutations

Your experience applies equally to all skills.
You have very sharp teeth.
Your uncanny sense of smell can sniff out nearby items.


Message History

You puncture the white very ugly thing!
You bite the white very ugly thing, but do no damage.
The white very ugly thing is severely wounded.
The white very ugly thing bites you but does no damage.
You completely miss the white very ugly thing.
The white very ugly thing is severely wounded.
The ettin simulacrum closely misses you.
You block the ettin simulacrum's attack.
You puncture the white very ugly thing!
You feel better.
You bite the white very ugly thing!
The white very ugly thing is almost dead.
You block the white very ugly thing's attack.
You puncture the white very ugly thing!
You kill the white very ugly thing!
You block the ettin simulacrum's attack.
The ettin simulacrum hits you!!
* * * LOW HITPOINT WARNING * * *
The ettin simulacrum freezes you! You resist.
You die...
Your body crumbles into a pile of gold.

........Z
.....
#####.#####
#.[.....[.#
#.........#
#[........#
#.........#
#...Z$Z...#
##...@...##
##.....##
###.###
##.....##
##.......##
#....∩....#
#.........#
#.........#
#....∩....#


You could see an iron troll simulacrum and an ettin simulacrum.

Vanquished Creatures
  3 nagarajas (Snake:3)
  Aizul (Snake:4)
  A very ugly thing (IceCv)
  2 entropy weavers (Lair:4)
  Snorg (Lair:3)
  6 naga warriors
  6 hydras
  A catoblepas (Lair:4)
  7 anacondas
  Erica (D:7)
  A queen ant (Lair:4)
  A two-headed ogre (D:10)
  4 death yaks (Lair:3)
  7 naga sharpshooters
  3 shock serpents
  A mana viper (Snake:1)
  8 salamanders
  A manticore (Lair:4)
  6 elephants
  2 guardian serpents
  8 naga magi
  The ghost of Monsterracer the Insei, a novice GnCK of Xom (D:4)
  15 black mambas
  Psyche (D:8)
  A centaur skeleton (D:10)
  6 rime drakes
  25 spiny frogs
  An anaconda simulacrum (IceCv)
  8 komodo dragons
  A polar bear (Lair:6)
  5 tyrant leeches
  Prince Ribbit (D:7)
  22 blink frogs
  6 dream sheep
  8 hippogriffs
  6 wyverns
  23 yaks
  7 basilisks
  A hungry ghost (D:8)
  Grum (D:8)
  An iron troll simulacrum (IceCv)
  A swamp worm (Lair:4)
  6 vampire mosquitoes (Lair:6)
  21 nagas
  23 soldier ants
  12 water moccasins
  An acid dragon (D:10)
  7 porcupines
  An orc warrior (D:10)
  A sky beast (D:9)
  A phantom (D:7)
  A black bear (D:9)
  7 ice beasts
  4 ogres
  6 centaurs
  15 wolves
  15 crocodiles
  4 big kobolds
  25 bullfrogs
  A gnoll sergeant (D:5)
  A wyvern skeleton (D:8)
  2 scorpions
  3 killer bees (D:9)
  3 wights (D:8)
  2 electric eels
  5 howler monkeys
  3 crimson imps
  A quasit (D:9)
  A gnoll shaman (D:6)
  3 jellies
  An orc priest (D:7)
  5 hounds
  4 bullfrog skeletons
  2 iguanas
  5 orc wizards
  Ijyb (D:4)
  30 worker ants
  2 hound skeletons
  A howler monkey zombie (D:6)
  15 gnolls
  2 howler monkey skeletons (D:10)
  19 adders
  A shadow imp (D:7)
  An ooze (D:2)
  A worm (D:4)
  3 dart slugs
  5 leopard geckos
  30 orcs
  A ball python (D:1)
  9 giant cockroaches
  8 goblins
  7 hobgoblins
  6 jackals
  9 kobolds
  7 quokkas
  9 bats
  5 frilled lizards
  A jackal zombie (D:7)
  A leopard gecko skeleton (D:5)
  6 rats
584 creatures vanquished.

Vanquished Creatures (collateral kills)
  An oklob plant (Lair:4)
1 creature vanquished.

Vanquished Creatures (others)
  A quokka (D:8)
  2 bushes (Lair:4)
  14 fungi
  47 plants
64 creatures vanquished.

Grand Total: 649 creatures vanquished

Notes
Turn   | Place    | Note
-------+----------+-------------------------------------------
     0 | D:1      | Kairos the Gnoll Fighter began the quest for the Orb.
     0 | D:1      | Reached XP level 1. HP: 23/23 MP: 1/1
    22 | D:1      | Reached XP level 2. HP: 28/29 MP: 2/2
    96 | D:1      | Reached XP level 3. HP: 33/35 MP: 3/3
   260 | D:1      | Reached skill level 1 in Invocations
   591 | D:2      | Found a sparkling altar of Nemelex Xobeh.
   604 | D:2      | Reached skill level 1 in Short Blades
   604 | D:2      | Reached skill level 1 in Long Blades
   604 | D:2      | Reached skill level 1 in Maces & Flails
   604 | D:2      | Reached skill level 1 in Polearms
   604 | D:2      | Reached skill level 1 in Staves
   604 | D:2      | Reached skill level 1 in Slings
   604 | D:2      | Reached skill level 1 in Bows
   604 | D:2      | Reached skill level 1 in Crossbows
   604 | D:2      | Reached skill level 1 in Throwing
   604 | D:2      | Reached skill level 1 in Dodging
   604 | D:2      | Reached skill level 1 in Stealth
   604 | D:2      | Reached skill level 1 in Unarmed Combat
   604 | D:2      | Reached skill level 1 in Spellcasting
   604 | D:2      | Reached skill level 1 in Evocations
   652 | D:2      | Reached XP level 4. HP: 41/41 MP: 5/5
   825 | D:2      | Found a shimmering altar of Xom.
  1031 | D:2      | Found a deep blue altar of Sif Muna.
  1031 | D:2      | Found a glowing silver altar of Zin.
  1328 | D:2      | Reached skill level 1 in Conjurations
  1328 | D:2      | Reached skill level 1 in Hexes
  1328 | D:2      | Reached skill level 1 in Charms
  1328 | D:2      | Reached skill level 1 in Summonings
  1328 | D:2      | Reached skill level 1 in Necromancy
  1328 | D:2      | Reached skill level 1 in Translocations
  1328 | D:2      | Reached skill level 1 in Transmutations
  1328 | D:2      | Reached skill level 1 in Fire Magic
  1328 | D:2      | Reached skill level 1 in Ice Magic
  1328 | D:2      | Reached skill level 1 in Air Magic
  1328 | D:2      | Reached skill level 1 in Earth Magic
  1328 | D:2      | Reached skill level 1 in Poison Magic
  1502 | D:2      | Found a snail-covered altar of Cheibriados.
  1692 | D:3      | Reached XP level 5. HP: 47/47 MP: 6/6
  1819 | D:3      | Found a glowing golden altar of the Shining One.
  2001 | D:3      | Found a basalt altar of Yredelemnul.
  2003 | D:3      | Noticed a profane servitor
  2315 | D:4      | Reached XP level 6. HP: 47/53 MP: 8/8
  2461 | D:4      | Noticed Ijyb
  2469 | D:4      | Paralysed by Ijyb for 2 turns
  2473 | D:4      | Killed Ijyb
  2490 | D:4      | Found an iron altar of Okawaru.
  2539 | D:4      | Reached skill level 5 in Axes
  2566 | D:4      | Noticed Monsterracer's ghost (novice GnCK)
  3086 | D:4      | Reached XP level 7. HP: 55/59 MP: 10/10
  3776 | D:5      | Entered Level 5 of the Dungeon
  4145 | D:5      | Reached XP level 8. HP: 65/67 MP: 12/12
  4659 | D:5      | Found a blossoming altar of Fedhas.
  4660 | D:5      | Found a shattered altar of Ashenzari.
  5354 | D:6      | Noticed Kairos's ghost (novice GnFi)
  5578 | D:4      | Killed Monsterracer's ghost
  5578 | D:4      | Reached XP level 9. HP: 73/73 MP: 14/14
  5673 | D:6      | Found a staircase to the Ecumenical Temple.
  5683 | Temple   | Entered the Ecumenical Temple
  5714 | Temple   | Became a worshipper of Gozag Ym Sagoz the Greedy
  6009 | D:7      | Noticed Prince Ribbit
  6030 | D:7      | Killed Prince Ribbit
  6595 | D:8      | Noticed Erica
  6641 | D:7      | Killed Erica
  6641 | D:7      | Reached skill level 5 in Invocations
  6641 | D:7      | Reached XP level 10. HP: 61/80 MP: 15/17
  7017 | D:8      | Noticed Psyche
  7036 | D:8      | Killed Psyche
  7036 | D:8      | Reached skill level 5 in Short Blades
  7036 | D:8      | Reached skill level 5 in Long Blades
  7036 | D:8      | Reached skill level 5 in Maces & Flails
  7036 | D:8      | Reached skill level 5 in Polearms
  7036 | D:8      | Reached skill level 5 in Staves
  7036 | D:8      | Reached skill level 5 in Slings
  7036 | D:8      | Reached skill level 5 in Bows
  7036 | D:8      | Reached skill level 5 in Crossbows
  7036 | D:8      | Reached skill level 5 in Throwing
  7036 | D:8      | Reached skill level 5 in Dodging
  7036 | D:8      | Reached skill level 5 in Stealth
  7036 | D:8      | Reached skill level 5 in Unarmed Combat
  7036 | D:8      | Reached skill level 5 in Spellcasting
  7036 | D:8      | Reached skill level 5 in Evocations
  7059 | D:8      | Noticed Terandir's ghost (novice MiFi)
  7545 | D:8      | Found a hazy altar of Hepliaklqana.
  7840 | D:8      | Found a burning altar of Makhleb.
  8317 | D:8      | Noticed Grum
  8330 | D:8      | Killed Grum
  8517 | D:8      | You fall through a shaft for 2 floors!
  8517 | D:10     | Entered Level 10 of the Dungeon
  8517 | D:10     | Found Guesukeuly's Weapon Boutique.
  8891 | D:9      | Found a burning altar of Makhleb.
  9015 | D:9      | Found an iron altar of Okawaru.
  9272 | D:9      | Reached XP level 11. HP: 61/87 MP: 19/19
  9401 | D:9      | Noticed a three-headed hydra
  9412 | D:9      | Killed a three-headed hydra
  9797 | D:8      | Found a bloodstained altar of Trog.
 10129 | D:10     | Learned a level 2 spell: Blink
 10180 | D:10     | Noticed a two-headed ogre
 10207 | D:10     | Killed a two-headed ogre
 10207 | D:10     | Reached skill level 5 in Conjurations
 10207 | D:10     | Reached skill level 5 in Hexes
 10207 | D:10     | Reached skill level 5 in Charms
 10207 | D:10     | Reached skill level 5 in Summonings
 10207 | D:10     | Reached skill level 5 in Necromancy
 10207 | D:10     | Reached skill level 5 in Translocations
 10207 | D:10     | Reached skill level 5 in Transmutations
 10207 | D:10     | Reached skill level 5 in Fire Magic
 10207 | D:10     | Reached skill level 5 in Ice Magic
 10207 | D:10     | Reached skill level 5 in Air Magic
 10207 | D:10     | Reached skill level 5 in Earth Magic
 10207 | D:10     | Reached skill level 5 in Poison Magic
 10486 | D:10     | Noticed Mirai's ghost (journeyman KoEn)
 10670 | D:10     | Bought the +12 rapier of Xudoad {vamp, -Tele +Rage rElec rPois Int+5} for 986 gold pieces
 11322 | D:10     | Found a portal to a secret trove of treasure.
 11826 | D:10     | Found a staircase to the Lair.
 11884 | Lair:1   | Entered Level 1 of the Lair of Beasts
 12193 | Lair:1   | Reached XP level 12. HP: 94/96 MP: 22/22
 14099 | Lair:3   | Noticed a five-headed hydra
 14112 | Lair:3   | Killed a five-headed hydra
 14330 | Lair:3   | Noticed Snorg
 14355 | Lair:3   | Killed Snorg
 15077 | Lair:3   | Noticed a death yak
 15079 | Lair:3   | Noticed a death yak
 15081 | Lair:3   | Noticed a death yak
 15082 | Lair:3   | Noticed a death yak
 15087 | Lair:3   | Killed a death yak
 15087 | Lair:3   | Reached skill level 10 in Fighting
 15087 | Lair:3   | Reached skill level 10 in Armour
 15087 | Lair:3   | Reached skill level 10 in Shields
 15105 | Lair:3   | Killed a death yak
 15114 | Lair:3   | Killed a death yak
 15120 | Lair:3   | Killed a death yak
 15322 | Lair:3   | Reached XP level 13. HP: 103/103 MP: 24/24
 15774 | Lair:4   | Found a staircase to the Snake Pit.
 15851 | Lair:4   | Noticed an entropy weaver
 16187 | Lair:4   | Killed an entropy weaver
 16721 | Lair:4   | Noticed an entropy weaver
 17140 | Lair:4   | Killed an entropy weaver
 17302 | Lair:4   | Bought a bloodstained ring mail for 207 gold pieces
 17312 | Lair:4   | Identified the +3 ring mail of Jodan {*Corrode +Blink rPois rF-} (You bought it in a shop on level 4 of the Lair of Beasts)
 17555 | Lair:4   | Learned a level 4 spell: Summon Lightning Spire
 17603 | Lair:4   | Found a staircase to the Swamp.
 18106 | Lair:5   | Reached XP level 14. HP: 111/111 MP: 26/26
 18259 | Lair:5   | Found a staircase to the Slime Pits.
 18260 | Lair:5   | Found a viscous altar of Jiyva.
 19228 | Lair:6   | Entered Level 6 of the Lair of Beasts
 19327 | Lair:6   | Reached skill level 10 in Axes
 20115 | Lair:6   | Reached skill level 10 in Invocations
 20493 | Lair:6   | Identified the Compendium of Aid and Translocation
 21091 | Snake:1  | Entered Level 1 of the Snake Pit
 22274 | Snake:1  | Reached XP level 15. HP: 119/119 MP: 16/28
 22586 | Snake:1  | Found Burr's Assorted Antiques.
 22589 | Snake:1  | Bought a scroll labeled MAIDIY ENNEHY for 39 gold pieces
 22589 | Snake:1  | Bought a scroll labeled OMYTRINTEK for 39 gold pieces
 22589 | Snake:1  | Bought a scroll labeled DOISMUNUME for 39 gold pieces
 22589 | Snake:1  | Bought 3 scrolls labeled NUNAJE TESKU for 117 gold pieces
 22791 | Snake:2  | Found an opulent altar of Gozag.
 23091 | Snake:2  | Found Muetacw's Food Boutique.
 23463 | Snake:3  | Noticed a nagaraja
 23471 | Snake:3  | Killed a nagaraja
 23551 | Snake:3  | Noticed a nagaraja
 24009 | Snake:3  | Killed a nagaraja
 24590 | Snake:3  | Reached skill level 10 in Short Blades
 24590 | Snake:3  | Reached skill level 10 in Long Blades
 24590 | Snake:3  | Reached skill level 10 in Maces & Flails
 24590 | Snake:3  | Reached skill level 10 in Polearms
 24590 | Snake:3  | Reached skill level 10 in Staves
 24590 | Snake:3  | Reached skill level 10 in Slings
 24590 | Snake:3  | Reached skill level 10 in Bows
 24590 | Snake:3  | Reached skill level 10 in Crossbows
 24590 | Snake:3  | Reached skill level 10 in Throwing
 24590 | Snake:3  | Reached skill level 10 in Dodging
 24590 | Snake:3  | Reached skill level 10 in Stealth
 24590 | Snake:3  | Reached skill level 10 in Unarmed Combat
 24590 | Snake:3  | Reached skill level 10 in Spellcasting
 24590 | Snake:3  | Reached skill level 10 in Evocations
 24757 | Snake:3  | Found Pikatz's General Store.
 24770 | Snake:3  | Bought a scroll of identify for 30 gold pieces
 24770 | Snake:3  | Bought a scroll of teleportation for 45 gold pieces
 24770 | Snake:3  | Bought a scroll of blinking for 112 gold pieces
 24770 | Snake:3  | Bought a potion of resistance for 150 gold pieces
 25273 | Snake:4  | Entered Level 4 of the Snake Pit
 25289 | Snake:4  | Noticed Verendum's ghost (adept MiGl)
 25387 | Snake:4  | Found a frozen archway.
 25387 | Snake:4  | Noticed Aizul
 25387 | Snake:4  | Noticed a nagaraja
 25402 | Snake:3  | Killed a nagaraja
 25580 | Snake:4  | Killed Aizul
 26055 | IceCv    | Entered an ice cave
 26172 | IceCv    | HP: 5/180 [ettin simulacrum (19)]
 26172 | IceCv    | Slain by an ettin simulacrum

Skill      XL: |  1  2  3  4  5  6  7  8  9 10 11 12 13 14 15 |
---------------+----------------------------------------------+-----
Invocations    | 1 2 3 4 5 6 7 8 9 10 11 | 11.1
Short Blades   | 1 2 3 4 5 6 7 8 9 10 | 10.2
Long Blades    | 1 2 3 4 5 6 7 8 9 10 | 10.2
Maces & Flails | 1 2 3 4 5 6 7 8 9 10 | 10.2
Polearms       | 1 2 3 4 5 6 7 8 9 10 | 10.2
Staves         | 1 2 3 4 5 6 7 8 9 10 | 10.2
Slings         | 1 2 3 4 5 6 7 8 9 10 | 10.2
Bows           | 1 2 3 4 5 6 7 8 9 10 | 10.2
Crossbows      | 1 2 3 4 5 6 7 8 9 10 | 10.2
Throwing       | 1 2 3 4 5 6 7 8 9 10 | 10.2
Dodging        | 1 2 3 4 5 6 7 8 9 10 | 10.2
Stealth        | 1 2 3 4 5 6 7 8 9 10 | 10.2
Unarmed Combat | 1 2 3 4 5 6 7 8 9 10 | 10.2
Spellcasting   | 1 2 3 4 5 6 7 8 9 10 | 10.2
Evocations     | 1 2 3 4 5 6 7 8 9 10 | 10.2
Conjurations   | 1 2 3 4 5 6 7 8 |  8.6
Hexes          | 1 2 3 4 5 6 7 8 |  8.6
Charms         | 1 2 3 4 5 6 7 8 |  8.6
Summonings     | 1 2 3 4 5 6 7 8 |  8.6
Necromancy     | 1 2 3 4 5 6 7 8 |  8.6
Translocations | 1 2 3 4 5 6 7 8 |  8.6
Transmutations | 1 2 3 4 5 6 7 8 |  8.6
Fire Magic     | 1 2 3 4 5 6 7 8 |  8.6
Ice Magic      | 1 2 3 4 5 6 7 8 |  8.6
Air Magic      | 1 2 3 4 5 6 7 8 |  8.6
Earth Magic    | 1 2 3 4 5 6 7 8 |  8.6
Poison Magic   | 1 2 3 4 5 6 7 8 |  8.6
Axes           | 5 6 7 8 9 10 11 | 11.1
Fighting       | 7 8 9 10 11 | 11.9
Armour         | 7 8 9 10 11 | 11.9
Shields        | 7 8 9 10 11 | 11.9

Action                   |  1- 3 |  4- 6 |  7- 9 | 10-12 | 13-15 || total
-------------------------+-------+-------+-------+-------+-------++-------
Melee: War axe           |    85 |    52 |       |       |       ||   137
       Bite              |     7 |    31 |    66 |   109 |   253 ||   466
       Whip              |       |   157 |   316 |       |       ||   473
       Trident           |       |       |   181 |   431 |       ||   612
       Rapier            |       |       |       |   427 |  1637 ||  2064
 Cast: Summon Lightning  |       |       |       |       |     3 ||     3
Invok: Potion Petition   |       |       |       |     1 |       ||     1
       Call Merchant     |       |       |       |       |     1 ||     1
 Abil: Evoke Berserk Rag |       |       |       |     2 |    10 ||    12
Evoke: Wand              |       |       |       |     7 |       ||     7
  Use: Scroll            |       |       |       |    11 |    15 ||    26
       Potion            |       |       |       |       |     5 ||     5
 Stab: Distracted        |       |       |       |     6 |    15 ||    21
       Paralysed         |       |       |       |     3 |       ||     3
       Sleeping          |       |       |       |       |     4 ||     4
  Eat: Ration            |       |     1 |     2 |    11 |    14 ||    28
       Chunk             |       |     3 |     7 |       |       ||    10
Armor: Scale mail        |    36 |    56 |       |       |       ||    92
       Chain mail        |       |    34 |   244 |   297 |   301 ||   876
       Ring mail         |       |       |       |       |    76 ||    76
       Skin              |       |       |       |       |    63 ||    63
Dodge: Dodged            |    36 |    48 |   137 |   259 |   481 ||   961
Block: Shield            |    60 |   140 |   279 |   458 |   767 ||  1704
